 Dungeon Crawl Stone Soup version 0.30-a0-509-gd016549fea (webtiles) character file.

Game seed: 16468499948703707243

5059 xzight the Arsonist (level 10, -3/59 HPs)
             Began as a Deep Elf Fire Elementalist on Dec 22, 2022.
             Was an Initiate of Ashenzari.
             Slain by a yak (16 damage)
             ... on level 8 of the Dungeon.
             The game lasted 00:21:40 (9414 turns).

xzight the Arsonist (Deep Elf Fire Elementalist)    Turns: 9414, Time: 00:21:40

Health: -3/59      AC:  6    Str:  3 (5)  XL:     10   Next: 31%
Magic:  3/24       EV: 15    Int: 30 (31) God:    Ashenzari [......]
Gold:   271        SH:  0    Dex: 13 (15) Spells: 19/26 levels left

rFire   + . .      SeeInvis .    k - +0 dagger (chaos)
rCold   + . .      Faith    .    (no shield)
rNeg    . . .      Spirit   .    A - +1 robe {rC+}
rPois   .          Reflect  .    (no helmet)
rElec   .          Harm     .    d - +0 cloak of Ashenzari's Discomfort {Melee, Alch} (curse)
rCorr   .          Rampage  .    n - +0 pair of gloves
Will    +....                    y - +0 pair of boots
Stlth   ++........               q - amulet of the acrobat
HPRegen 0.29/turn                F - ring of fire
MPRegen 0.19/turn                a - ring "Zodiwn" {rC+ Int+6}

@: on berserk cooldown, slowed, very slow
A: no striking features
a: Renounce Religion, Shatter the Chains


You were on level 8 of the Dungeon.
You worshipped Ashenzari.
Ashenzari was noncommittal.
You visited 2 branches of the dungeon, and saw 10 of its levels.

You collected 271 gold pieces.


   Skills:
 + Level 5.0 Fighting
 + Level 7.8 Dodging
 - Level 2.4 Stealth
 + Level 8.7 Spellcasting
 + Level 6.8 Conjurations
 * Level 10.3 Fire Magic


You had 19 spell levels left.
You knew the following spells:

 Your Spells              Type           Power      Damage    Failure   Level
a - Foxfire               Conj/Fire      100%       2x1d9     1%          1
b - Scorch                Fire           100%       2d10      1%          2
c - Flame Wave            Conj/Fire      77%        2d17      1%          4

Your spell library contained the following spells:

 Spells                   Type           Power      Damage    Failure   Level
 Inner Flame              Hex/Fire       60%        N/A       1%          3
 Kindle Blastsparks       Fire/Tloc/Air  100%       2d18      3%          3
 Beastly Appendage        Tmut           26%        N/A       4%          1
 Wereblood                Tmut           13%        N/A       6%          2
 Spider Form              Tmut/Pois      13%        N/A       12%         3
 Petrify                  Tmut/Erth      13%        N/A       36%         4
 Yara's Violent Unravell  Hex/Tmut       6%         3d5       73%         5
 Statue Form              Tmut/Erth      8%         N/A       99%         6

Inventory:

Hand Weapons
 k - a +0 dagger of chaos (weapon)
Armour
 d - the cursed +0 cloak of Ashenzari's Discomfort (worn) {Melee, Alch}
   (You found it on level 1 of the Dungeon)

   It has a curse which improves the following skills: Melee Combat: Short
   Blades, Long Blades, Axes, Maces & Flails, Polearms, Staves and Unarmed
   Combat.
   Alchemy:   Poison Magic and Transmutations.
 n - a +0 pair of gloves (worn)
 y - a +0 pair of boots (worn)
 A - a +1 robe of cold resistance (worn)
Jewellery
 a - the ring "Zodiwn" (right hand) {rC+ Int+6}
   (You acquired it on level 4 of the Dungeon)

   [ring of protection from cold]

   Int:       It affects your intelligence (+6).
   rC:        It protects you from cold.
 q - an amulet of the acrobat (around neck)
 v - a ring of see invisible
 E - a +4 ring of evasion
 F - a ring of fire (left hand)
 G - an amulet of reflection
 H - an amulet of magic regeneration
 T - a +4 ring of protection
Wands
 x - a wand of mindburst (17)
 C - a wand of iceblast (5)
Scrolls
 c - 3 scrolls of amnesia
 e - a scroll of teleportation {@r2}
 f - a scroll of fear
 g - 2 scrolls of poison
 i - a scroll of vulnerability
 l - 2 scrolls of butterflies
 m - a scroll of magic mapping {unknown}
 s - a scroll of enchant weapon {unknown}
 w - a scroll of silence {!r}
 J - a scroll of identify {@r1}
Potions
 b - 2 potions of magic
 j - a potion of haste {@q3}
 o - 2 potions of flight
 r - 3 potions of brilliance
 t - 2 potions of lignification
 u - a potion of mutation {unknown}
 z - a potion of might
 D - a potion of resistance
 K - a potion of degeneration

Dungeon Overview and Level Annotations

Branches:
Dungeon (9/15)             Temple (1/1) D:7
   Lair: D:8-11         Orc: D:9-12

Altars:
Ashenzari
Cheibriados
Dithmenos
Elyvilon
Fedhas
Hepliaklqana
Makhleb
Nemelex Xobeh
Sif Muna
Trog
Wu Jian
Xom
Yredelemnul
Zin

Annotations:
D:8 2 transporters, exclusions: upstairs and yak, lotum's ghost, novice DsBe

.#.# ###########)# #.
.#.###############...#..(.).)#
#<
........[[....Y..(†.........>#
##
.#.###############†#.#.#####.#
# .#..## #.#)#.....#)####
.....# ###### #.#.#####.#.##..
####.##
#....###.#.......#.#..~
..##..##
#.##.#.Y........##...~≈
#.##[..#
#.##.#@.###..##.##..~~≈
#.##.#)#
#.##......#...#.##..~≈~
#....#.#
#.......#.#####....~≈≈≈
######)## #########.#
####.~≈≈≈ #.)## #.# #.≈≈≈≈
##..##########.# #..≈≈≈
#.....))#.....# #..~≈≈
#..####.#.############...~~
#....##.#............#.#..~


You could see a yak (berserk, strong).


Message History

The yak is heavily wounded.
The yak misses you.
You closely miss the yak.
The yak is heavily wounded.
The yak closely misses you.
You puncture the yak!
The yak resists with some effort.
The yak is severely wounded.
The yak barely misses you.
You barely miss the yak.
The yak is severely wounded.
The yak gores you.
* * * LOW HITPOINT WARNING * * *
You completely miss the yak.
The yak is severely wounded.
The yak closely misses you.
You hit the yak. You freeze the yak.
The yak is severely wounded.
The yak gores you!
* * * LOW HITPOINT WARNING * * *
You closely miss the yak.
The yak is severely wounded.
The yak gores you!
* * * LOW HITPOINT WARNING * * *
You hit the yak but do no damage.
The yak is severely wounded.
You are no longer berserk.
You are exhausted.
You feel yourself slow down. The yak gores you!
You die...

Skill      XL: |  1  2  3  4  5  6  7  8  9 10 |
---------------+-------------------------------+-----
Dodging        | 3 4 5 6 7 |  7.8
Fighting       | 1 2 3 4 5 |  5.0
Fire Magic     | 4 5 6 8 9 10 | 10.3
Conjurations   | 2 3 4 5 6 |  6.8
Spellcasting   | 4 5 6 8 |  8.7
Stealth        | |  2.4

Action                   |  1- 3 |  4- 6 |  7- 9 | 10-12 || total
-------------------------+-------+-------+-------+-------++-------
Melee: Dagger            |       |       |    15 |    15 ||    30
       Punch             |       |       |       |     1 ||     1
 Cast: Foxfire           |    56 |    76 |   112 |     5 ||   249
       Scorch            |     1 |    16 |   129 |    23 ||   169
Invok: Curse Item        |       |       |     1 |       ||     1
  Use: Scroll            |     5 |    10 |     9 |       ||    24
       Potion            |       |       |    10 |     1 ||    11
Armor: Robe              |     1 |     2 |    36 |     5 ||    44
       Skin              |       |       |    16 |       ||    16
Dodge: Dodged            |    20 |    13 |   214 |    34 ||   281

Levels and vault maps discovered:
D:1:      psy_arrival_dodecagon, layout_loops_ring, solitary_fountain
D:2:      layout_basic
D:3:      layout_rooms
D:4:      layout_loops_cross, led_sif_pool
D:5:      layout_basic, zin_academy
D:6:      layout_basic
D:7:      layout_basic, mainiacjoe_overflow_cross_hatched,
          mainiacjoe_overflow_two_lobes, minmay_temple_entry_statues
D:8:      layout_basic, fedhas_ov_isle_minmay, general_overflow_altar,
          david_lair_shrubbed, gammafunk_ghost_berserking_beasts
D:9:      layout_basic, mainiacjoe_overflow_concentric_impassable, orc_0_dummy,
          minmay_fractal_squares_5, uniq_harold
Temple:   hc_temple_tempest_star

Notes
Turn   | Place    | Note
-------+----------+-------------------------------------------
     0 | D:1      | xzight the Deep Elf Fire Elementalist began the quest for
                  | the Orb.
     0 | D:1      | Reached XP level 1. HP: 10/10 MP: 6/6
   367 | D:1      | Reached XP level 2. HP: 15/15 MP: 5/8
   372 | D:1      | Learned a level 2 spell: Scorch
   981 | D:2      | Reached XP level 3. HP: 20/20 MP: 4/9
  1440 | D:2      | Reached skill level 3 in Dodging
  1441 | D:2      | Reached skill level 1 in Fighting
  1441 | D:2      | Reached skill level 4 in Fire Magic
  1628 | D:2      | Reached XP level 4. HP: 23/25 MP: 5/11
  2171 | D:3      | Reached skill level 2 in Conjurations
  2345 | D:3      | Noticed a scorpion
  2354 | D:3      | Killed a scorpion
  2355 | D:3      | Reached XP level 5. HP: 29/29 MP: 2/12
  2774 | D:4      | Noticed a phantom
  2779 | D:4      | Killed a phantom
  2780 | D:4      | Reached skill level 4 in Spellcasting
  2780 | D:4      | Reached skill level 5 in Fire Magic
  2879 | D:4      | Reached XP level 6. HP: 35/35 MP: 6/14
  3212 | D:4      | Identified a scroll of acquirement
  3212 | D:4      | Acquired the ring "Zodiwn" {rC+ Int+6}
  3228 | D:4      | You fall into a shaft and drop 2 floors!
  3232 | D:6      | Identified the +2 robe of a Labyrinth {rC+}
  3245 | D:5      | Entered Level 5 of the Dungeon
  3298 | D:5      | Reached skill level 2 in Fighting
  3298 | D:5      | Reached skill level 4 in Dodging
  3298 | D:5      | Reached skill level 3 in Conjurations
  3359 | D:5      | Noticed an ice beast
  3369 | D:5      | Killed an ice beast
  3370 | D:5      | Reached XP level 7. HP: 35/40 MP: 4/16
  3505 | D:5      | Found a glowing silver altar of Zin.
  3772 | D:4      | Found a shimmering blue altar of Sif Muna.
  3897 | D:4      | Got Wigotuet's Incunable of Reason
  4092 | D:5      | Reached skill level 6 in Fire Magic
  4105 | D:5      | Reached skill level 5 in Spellcasting
  4339 | D:5      | Identified the +4 battleaxe "Xioluc" {freeze, Drain Str+4}
  4755 | D:5      | Reached skill level 5 in Dodging
  4755 | D:5      | Reached skill level 4 in Conjurations
  4906 | D:6      | Reached XP level 8. HP: 36/45 MP: 11/18
  5046 | D:6      | Noticed a troll
  5055 | D:6      | Killed a troll
  5056 | D:6      | Reached skill level 3 in Fighting
  5056 | D:6      | Reached skill level 6 in Spellcasting
  5056 | D:6      | Reached skill level 7 in Fire Magic
  5649 | D:7      | Identified the +1 leather armour of Dithmenos's Approval
                  | {rElec rPois}
  5652 | D:7      | Found a basalt altar of Yredelemnul.
  5940 | D:7      | Found a shimmering altar of Xom.
  5979 | D:7      | Reached skill level 5 in Conjurations
  5979 | D:7      | Reached skill level 8 in Fire Magic
  6031 | D:7      | Found a snail-covered altar of Cheibriados.
  6097 | D:7      | Reached skill level 6 in Dodging
  6249 | D:7      | Reached XP level 9. HP: 52/52 MP: 16/21
  6254 | D:7      | Learned a level 4 spell: Flame Wave
  6452 | D:7      | Reached skill level 7 in Spellcasting
  6647 | D:7      | Found a staircase to the Ecumenical Temple.
  6786 | Temple   | Entered the Ecumenical Temple
  6857 | Temple   | Became a worshipper of Ashenzari the Shackled
  6996 | D:7      | Identified a potion of resistance
  7059 | D:7      | Reached skill level 4 in Fighting
  7488 | D:8      | Reached skill level 9 in Fire Magic
  7779 | D:8      | Found a transporter.
  7780 | D:8      | Found a white marble altar of Elyvilon.
  7818 | D:8      | Reached skill level 6 in Conjurations
  7820 | D:8      | Reached skill level 7 in Dodging
  7956 | D:8      | Noticed lotum's ghost (novice DsBe)
  7973 | D:8      | Found a blossoming altar of Fedhas.
  8257 | D:8      | Reached skill level 8 in Spellcasting
  8269 | D:8      | HP: 6/78 [poisoned by a killer bee]
  8271 | D:8      | HP: 1/78 [poisoned by a killer bee]
  8273 | D:8      | Identified the cursed +0 cloak of Ashenzari's Discomfort
                  | {Melee, Alch} (You found it on level 1 of the Dungeon)
  8276 | D:8      | HP: 2/52 [poisoned by a killer bee]
  8281 | D:8      | HP: 5/52 [poisoned by a killer bee]
  8502 | D:8      | Noticed a moth of wrath
  8536 | D:8      | Found a transporter.
  8755 | D:8      | Noticed a komodo dragon
  8932 | D:9      | Found a sparkling altar of Nemelex Xobeh.
  9178 | D:8      | Reached XP level 10. HP: 52/58 MP: 16/24
  9288 | D:9      | Noticed Harold
  9304 | D:9      | Killed Harold
  9305 | D:9      | Reached skill level 10 in Fire Magic
  9386 | D:8      | Reached skill level 5 in Fighting
  9414 | D:8      | Slain by a yak

Vanquished Creatures
  Harold (D:9)
  A troll (D:6)
  6 yaks
  A steam dragon (D:8)
  2 water moccasins
  3 orc warriors
  3 black bears
  An ice beast (D:5)
  A sky beast (D:7)
  2 ogres (D:5)
  2 phantoms
  4 kobold brigands
  A bullfrog (D:7)
  A necrophage (D:4)
  4 scorpions
  A gnoll sergeant (D:7)
  10 wights
  3 killer bees (D:8)
  2 howler monkeys (D:8)
  An orc priest (D:8)
  6 hounds
  An iguana (D:5)
  4 orc wizards (D:8)
  10 adders
  4 gnolls (D:7)
  A shadow imp (D:7)
  A white imp (D:8)
  2 ufetubi
  A worm (D:3)
  2 dart slugs
  13 orcs
  9 ball pythons
  8 endoplasms
  2 giant cockroaches
  6 goblins
  4 hobgoblins
  4 jackals (D:3)
  3 quokkas
  5 bats
  2 frilled lizards
  19 kobolds
  4 rats
161 creatures vanquished.

Vanquished Creatures (others)
  An orc wizard (D:8)
  386 foxfires
  2 fungi (D:7)
  45 plants (D:8)
434 creatures vanquished.

Grand Total: 595 creatures vanquished

Table legend: (Time is in decaauts)
 A = Elapsed time spent in this place.
 B = Non-inter-level travel time spent in this place.
 C = Inter-level travel time spent in this place.
 D = Time resting spent in this place.
 E = Time spent auto-exploring this place.
 F = Levels seen in this place.
 G = Mean time per level.
                   A        B        C        D        E       F      G
               +--------+--------+--------+--------+--------+-----+--------+
         Total |   9423 |   8897 |    526 |   2502 |   4741 |  10 |  942.3 |
       Dungeon |   9324 |   8814 |    510 |   2502 |   4675 |   9 | 1036.0 |
        Temple |     98 |     82 |     16 |      0 |     65 |   1 |   98.0 |
               +--------+--------+--------+--------+--------+-----+--------+

Top non-repeatable levels by time:
     D:8: 1754 daAuts
     D:7: 1331 daAuts
     D:5: 1216 daAuts
     D:1: 1083 daAuts
     D:2: 904 daAuts
     D:4: 903 daAuts
     D:3: 822 daAuts
     D:6: 815 daAuts
     D:9: 492 daAuts
  Temple: 98 daAuts

Table legend:
 A = Non-vault XP
 B = Vault XP
 C = Vault XP percentage of total XP
 D = Non-vault monster count
 E = Vault monster count
 F = Vault count percentage of total count
                 A         B        C        D         E       F
            +---------+---------+-------+---------+---------+-------
      Total |    6352 |     876 |  12.1 |     161 |       1 |   0.6
            +---------+---------+-------+---------+---------+-------
        D:1 |      33 |       0 |   0.0 |      21 |       0 |   0.0
        D:2 |      82 |       0 |   0.0 |      13 |       0 |   0.0
        D:3 |     116 |       0 |   0.0 |      17 |       0 |   0.0
        D:4 |     231 |       0 |   0.0 |      13 |       0 |   0.0
        D:5 |     908 |       0 |   0.0 |      15 |       0 |   0.0
        D:6 |     712 |       0 |   0.0 |       6 |       0 |   0.0
        D:7 |    1236 |       0 |   0.0 |      25 |       0 |   0.0
        D:8 |    2358 |       0 |   0.0 |      36 |       0 |   0.0
        D:9 |     676 |     876 |  56.4 |      15 |       1 |   6.2
            +---------+---------+-------+---------+---------+-------
